 Dungeon Crawl Stone Soup version 0.28.0 (webtiles) character file.

Game seed: 7275540027885160656

113 browni3141 the Skirmisher (level 4, -1/29 HPs)
             Began as a Gargoyle Berserker on Feb 16, 2022.
             Was a Believer of Trog.
             Slain by a worm (10 damage)
             ... on level 3 of the Dungeon.
             The game lasted 00:01:24 (3263 turns).

browni3141 the Skirmisher (Gargoyle Berserker)      Turns: 3263, Time: 00:01:25

Health: -1/29      AC:  5    Str: 21    XL:     4   Next: 96%
Magic:  4/4        EV: 12    Int:  7    God:    Trog [**....]
Gold:   111        SH:  0    Dex: 11    Spells: 3/3 levels left

rFire   . . .      SeeInvis .   a - +0 hand axe
rCold   . . .      Faith    .   (no shield)
rNeg    + . .      Spirit   .   b - +0 animal skin
rPois   ∞          Reflect  .   (no helmet)
rElec   +          Harm     .   (no cloak)
rCorr   .          Rampage  .   (no gloves)
Will    .....                   (no boots)
Stlth   ++........              (no amulet)
HPRegen 0.09/turn               (no ring)
MPRegen 0.09/turn               (no ring)

@: no status effects
A: sickness immunity, AC +3, negative energy resistance 1, electricity
resistance, torment resistance 1, petrification resistance
a: Renounce Religion, Berserk, Trog's Hand


You were on level 3 of the Dungeon.
You worshipped Trog.
Trog was pleased with you.
You visited 1 branch of the dungeon, and saw 3 of its levels.

You collected 111 gold pieces.

Inventory:

Hand Weapons
 a - a +0 hand axe (weapon)
Armour
 b - a +0 animal skin (worn)
Jewellery
 c - a +6 ring of dexterity
Scrolls
 d - a scroll of noise {unknown}
 e - a scroll of enchant weapon {unknown}
 f - 2 scrolls of identify {unknown}
Potions
 g - 2 potions of curing {unknown}


   Skills:
 + Level 3.9 Fighting
 + Level 3.3 Axes
 + Level 3.0 Armour
 + Level 2.1 Dodging
 + Level 1.8 Stealth
 * Level 1.2 Shields


You had 3 spell levels left.
You didn't know any spells.
Your spell library was empty.

Dungeon Overview and Level Annotations

Branches:
Dungeon (3/15)

Altars:

Shops:
D:2 [   D:3 [(


Innate Abilities, Weirdness & Mutations

You are immune to sickness and miasma.
Your stone body is resilient. (AC +3)
You are immune to poison.
You resist negative energy. (rN+)
You are resistant to electric shocks. (rElec)
You are resistant to unholy torment.
You are immune to petrification.


Message History

There are monsters nearby!
You hit the ball python.
You kill the ball python!
Trog accepts your kill. The bat hits you.
You slash the worm!
The worm is moderately wounded.
The bat hits you but does no damage. The bat closely misses you.
The worm closely misses you.
You completely miss the worm.
The worm is moderately wounded.
There are monsters nearby!
You slash the worm!
The worm is severely wounded.
You hit the bat.
You kill the bat!
Trog accepts your kill. The worm bites you!
There are monsters nearby!
You hit the worm. You punch the worm.
The worm is almost dead.
The worm bites you but does no damage.
There are monsters nearby!
You slash the worm!
You kill the worm!
Trog accepts your kill.
You hit the worm but do no damage. The worm bites you but does no damage.
Your Armour skill increases to level 3!
A worm is nearby!
A worm is nearby!
You hit the worm.
The worm is lightly wounded.
You barely miss the worm.
The worm is lightly wounded.
The worm bites you.
A worm is nearby!
You slash the worm!
The worm is heavily wounded.
The worm bites you!
You die...

# #.# #.#######.... ## #.#
######............ .# #.#
##...######.####... .# #.#
##...†.### #.# ##.. .#
###........# #.# ##. ##
.....∩....# #.# #. #
#........# #.# #. #
#w.†.)# ..# ## # #@..# #.#
# # #########.### #.# #
#.........# #.# #####
#.######### #.# #.†.# #.#
#.# ....# #.# ### #.#
#...# #.########.## #.# ##
##.## #∩..........# #.#
##. #.#
##########.#######.#####..


You could see a worm.

Vanquished Creatures
  6 adders
  A worm (D:3)
  A dart slug (D:3)
  2 ball pythons
  5 endoplasms
  3 giant cockroaches
  3 goblins
  4 hobgoblins
  4 jackals (D:2)
  4 quokkas
  5 bats
  2 frilled lizards
  9 kobolds
  5 rats
54 creatures vanquished.

Vanquished Creatures (others)
  38 plants (D:1)
38 creatures vanquished.

Grand Total: 92 creatures vanquished

Notes
Turn   | Place    | Note
-------+----------+-------------------------------------------
     0 | D:1      | browni3141 the Gargoyle Berserker began the quest for the
                  | Orb.
     0 | D:1      | Reached XP level 1. HP: 14/14 MP: 1/1
   312 | D:1      | Reached XP level 2. HP: 14/19 MP: 2/2
   481 | D:1      | Reached skill level 1 in Stealth
  1095 | D:2      | Reached XP level 3. HP: 12/23 MP: 3/3
  1481 | D:2      | Found Hiteh's Armour Boutique.
  1630 | D:2      | Reached ** piety under Trog
  2325 | D:2      | Found a faded altar of an unknown god.
  2330 | D:2      | Reached XP level 4. HP: 19/29 MP: 4/4
  2360 | D:2      | Reached skill level 1 in Shields
  3232 | D:3      | Found Jeoledame's Armour Shop.
  3251 | D:3      | Found Xunes's Weapon Emporium.
  3263 | D:3      | Slain by a worm

Illustrated notes

Levels and vault maps discovered:
D:1:      roderic_crop_circles_arrival_small, layout_loops_ring
D:2:      layout_loops_corners, serial_shops, shop,
          nicolae_ecumenical_snake_handling
D:3:      layout_loops_ring, serial_shops, nicolae_shop_statue_plus, shop,
          shop_statue, nicolae_shop_bloodbath_and_beyond, grunt_decor_one_mirror

Skill      XL: |  1  2  3  4 |
---------------+-------------+-----
Stealth        | 1 |  1.8
Axes           | 3 |  3.3
Dodging        | 2 |  2.1
Shields        | 1 |  1.2
Armour         | 3 |  3.0
Fighting       | |  3.9

Action                   |  1- 3 |  4- 6 || total
-------------------------+-------+-------++-------
Melee: Hand axe          |   127 |    63 ||   190
       Punch             |     1 |     2 ||     3
Invok: Berserk           |       |     1 ||     1
 Stab: Sleeping          |     1 |       ||     1
Armor: Animal skin       |    34 |    23 ||    57
Dodge: Dodged            |    84 |    43 ||   127
